 Dungeon Crawl Stone Soup version 0.31.0-32-g396128a36d (webtiles) character file.

Game seed: 4772557971483542334

2860 1Anon the Fighter (level 9, -7/82 HPs)
             Began as a Minotaur Fighter on Apr 17, 2024.
             Mangled by Grum the entropy weaver (16 damage)
             ... on level 8 of the Dungeon.
             The game lasted 00:24:02 (11746 turns).

1Anon the Fighter (Minotaur Fighter)               Turns: 11746, Time: 00:24:03

Health: -7/82      AC:  1    Str: 21    XL:     9   Next: 47%
Magic:  8/8        EV: 10    Int:  9    God:
Gold:   239        SH:  6    Dex: 10    Spells: 8/8 levels left

rFire   . . .        a - +0 war axe
rCold   + + .        c - +0 buckler
rNeg    . . .        K - +2 ring mail {rC+}
rPois   .            (helmet restricted)
rElec   .            w - +0 cloak
rCorr   .            H - +0 pair of gloves
SInv    .            o - +0 pair of boots
Will    .....        (no amulet) Stlth
                     T - +4 ring of protection
HPRegen 0.33/turn    C - ring of protection from cold
MPRegen 0.11/turn

%: no passive effects
@: lethally poisoned (-7 -> -13), corroded
A: horns 2, retaliatory headbutt
a: no special abilities


You were on level 8 of the Dungeon.
You visited 1 branch of the dungeon, and saw 8 of its levels.

You collected 239 gold pieces.

Inventory:

Hand Weapons
 a - a +0 war axe (weapon)
Armour
 b - a +0 scale mail
 c - a +0 buckler (worn)
 o - a +0 pair of boots (worn)
 w - a +0 cloak (worn)
 H - a +0 pair of gloves (worn)
 K - a +2 ring mail of cold resistance (worn)
Jewellery
 v - a ring of see invisible
 C - a ring of protection from cold (right hand)
 F - a ring of fire
 T - a +4 ring of protection (left hand)
Wands
 x - a wand of light (4)
 y - a wand of polymorph (2)
Scrolls
 h - a scroll of enchant armour {unknown}
 k - 10 scrolls of identify {unknown}
 l - 3 scrolls of blinking {unknown}
 m - 2 scrolls of revelation {unknown}
 n - a scroll of fear {unknown}
 q - 2 scrolls of poison {unknown}
 r - 2 scrolls of butterflies {unknown}
 s - a scroll of acquirement {unknown}
 u - 4 scrolls of fog {unknown}
 A - 3 scrolls of noise {unknown}
 D - a scroll of vulnerability {unknown}
 E - a scroll of enchant weapon {unknown}
 J - 2 scrolls of teleportation {unknown}
Potions
 d - 2 potions of might
 e - 5 potions of heal wounds {unknown}
 f - 4 potions of brilliance {unknown}
 g - a potion of mutation {unknown}
 i - a potion of invisibility {unknown}
 j - a potion of cancellation {unknown}
 p - 2 potions of curing {unknown}
 t - a potion of haste {unknown}
 z - a potion of attraction {unknown}
 B - a potion of ambrosia {unknown}
 G - a potion of degeneration {unknown}
 I - a potion of lignification {unknown}


   Skills:
 + Level 8.7 Fighting
 + Level 8.2 Axes
 + Level 8.7 Armour
 + Level 8.6 Shields


You had 8 spell levels left.
You didn't know any spells.
Your spell library contained the following spells:

 Spells                   Type           Power      Damage    Failure   Level
 Kiss of Death            Conj/Necr      0%         2d5       58%         1
 Confusing Touch          Hex            0%         N/A       91%         3
 Summon Ice Beast         Ice/Summ       0%         N/A       91%         3
 Animate Dead             Necr           0%         N/A       100%        4
 Dispel Undead            Necr           0%         3d6       100%        4
 Borgnjor's Vile Clutch   Necr/Erth      0%         N/A       100%        5
 Summon Mana Viper        Hex/Summ       0%         N/A       100%        5
 Death Channel            Necr           0%         N/A       100%        6
 Sculpt Simulacrum        Ice/Alch       0%         N/A       100%        6
 Monstrous Menagerie      Summ           0%         N/A       100%        7
 Ozocubu's Refrigeration  Ice            0%         4d7       100%        7
 Polar Vortex             Ice            0%         N/A       100%        9


Dungeon Overview and Level Annotations

Branches:
Dungeon (8/15) Zot: 25669  Temple (0/1) D:6
   Lair: D:8-11

Altars:
Elyvilon
Fedhas
Nemelex Xobeh
Sif Muna
Xom

Shops:
D:1 (

Annotations:
D:3 2 transporters, nimbat's ghost, amateur DrAl
D:8 Grum


Innate Abilities, Weirdness & Mutations

You have a pair of horns on your head.
You reflexively headbutt those who attack you in melee.


Message History

The killer bee poisons you!
You take 6 damage, and have 52/82 hp.
You hit Grum but do no damage.
Grum is lightly wounded.
You hit the killer bee but do no damage.
You feel very sick. The killer bee barely misses you. You furiously retaliate!
You headbutt the killer bee, but do no damage.
Grum casts a spell at you. The entropic weave corrodes you!
The killer bee barely misses you.
You take 2 damage, and have 50/82 hp.
You closely miss Grum. Your headbutt misses Grum.
Grum is lightly wounded.
You miss the killer bee.
You feel sick. You block the killer bee's attack. Grum casts a spell at you.
The entropic weave corrodes you! The killer bee stings you.
You are more poisoned.
The killer bee poisons you! Grum hits you but does no damage. Grum misses you.
Grum hits you! x2
* * * LOW HITPOINT WARNING * * *
The killer bee barely misses you. You furiously retaliate!
You headbutt the killer bee.
You take 29 damage, and have 21/82 hp.
You completely miss Grum. Your headbutt misses Grum.
Grum is lightly wounded.
You closely miss the killer bee.
You feel very sick. The killer bee completely misses you.
You block Grum's attack. Grum closely misses you. You block Grum's attack.
Grum closely misses you. The killer bee closely misses you.
You take 2 damage, and have 19/82 hp.
Aiming: Polymorph
Press: ? - help, Shift-Dir - straight line, f/p - Grum
Aim: Grum the entropy weaver (lightly wounded, will become an adder, a wolf, or a quokka, chance to affect: 17%) Grum resists with almost no effort.
You feel very sick. The killer bee closely misses you. Grum hits you!
* * * LOW HITPOINT WARNING * * *
Grum hits you!
You die...

#...###.#.#.#..
#..............
##...##.#.#.###
#.#..(.# #
#....#.# #
#....#.#.#
#.#).)...#
#.#.B#.#.... #
#@y..# g.
......)#####
....... .......
....... ....(..
#######


You could see Grum the entropy weaver and a killer bee.

Vanquished Creatures
  Grinder (D:4)
  Eustachio (D:4)
  A steam dragon (D:7)
  A water moccasin (D:7)
  2 ice beasts (D:7)
  An orc warrior (D:7)
  A black bear (D:6)
  2 sky beasts (D:7)
  An ogre (D:6)
  2 wolves
  A centaur (D:8)
  2 phantoms
  Blork the orc (D:5)
  3 bullfrogs
  2 scorpions
  2 wights
  3 killer bees
  A jelly (D:6)
  2 bombardier beetles
  A gnoll bouda (D:6)
  2 orc priests (D:7)
  2 sleepcaps
  4 orc wizards
  2 iguanas (D:6)
  3 adders
  9 gnolls
  2 white imps
  2 ribbon worms
  3 dart slugs
  17 orcs
  3 ball pythons
  3 bats
  11 endoplasms
  A giant cockroach (D:1)
  11 goblins
  6 hobgoblins
  5 quokkas
  2 frilled lizards
  5 kobolds
  6 rats
130 creatures vanquished.

Notes
Turn   | Place    | Note
-------+----------+-------------------------------------------
     0 | D:1      | 1Anon the Minotaur Fighter began the quest for the Orb.
     0 | D:1      | Reached XP level 1. HP: 19/19 MP: 0/0
   473 | D:1      | Reached XP level 2. HP: 27/27 MP: 1/1
  1233 | D:1      | Found Usken's Weapon Emporium.
  1619 | D:2      | Reached XP level 3. HP: 32/33 MP: 2/2
  1755 | D:2      | Found a faded altar of an unknown god.
  2631 | D:3      | Reached XP level 4. HP: 32/41 MP: 3/3
  2993 | D:3      | Found a transporter.
  2993 | D:3      | Noticed nimbat's ghost (amateur DrAl)
  3043 | D:3      | Found a transporter.
  3360 | D:3      | Found a blossoming altar of Fedhas.
  3868 | D:4      | Reached XP level 5. HP: 47/47 MP: 4/4
  3945 | D:4      | Found a shimmering blue altar of Sif Muna.
  4114 | D:4      | Noticed Grinder
  4169 | D:4      | Paralysed by Grinder for 5 turns
  4180 | D:4      | Paralysed by Grinder for 3 turns
  4196 | D:4      | Killed Grinder
  4197 | D:4      | Reached skill level 5 in Fighting
  4197 | D:4      | Reached skill level 5 in Armour
  4197 | D:4      | Reached skill level 5 in Shields
  4197 | D:4      | Reached XP level 6. HP: 30/56 MP: 5/5
  4582 | D:4      | Noticed Eustachio
  4595 | D:4      | Killed Eustachio
  4596 | D:4      | Reached skill level 5 in Axes
  4920 | D:4      | Found a sparkling altar of Nemelex Xobeh.
  5265 | D:5      | Entered Level 5 of the Dungeon
  5265 | D:5      | Noticed Blork the orc
  5280 | D:5      | Killed Blork the orc
  5281 | D:5      | Reached XP level 7. HP: 62/62 MP: 6/6
  5813 | D:5      | Found a shimmering altar of Xom.
  5815 | D:5      | Found a white marble altar of Elyvilon.
  6939 | D:6      | Reached XP level 8. HP: 71/71 MP: 7/7
  7425 | D:6      | Found a staircase to the Ecumenical Temple.
  9231 | D:7      | Reached XP level 9. HP: 75/81 MP: 8/8
 10630 | D:8      | Noticed Grum
 11739 | D:8      | Grum changed into Grum the entropy weaver
 11739 | D:8      | Noticed Grum
 11746 | D:8      | Mangled by Grum the entropy weaver

Illustrated notes

Levels and vault maps discovered:
D:1:      scummos_arrival_hexagon, layout_basic, serial_shops,
          nicolae_shop_back_alley_shop, chequers_garden, hangedman_decor_lopped
D:2:      layout_basic, chequers_ecumenical_altar_simple_redux
D:3:      layout_loops_cross, fedhas_altar_4, gammafunk_ghost_mausoleum,
          minmay_pentomino_pile
D:4:      nicolae_cairo_tiling_large, layout_loops_ring,
          nemelex_spade_bored_becter, kennysheep_little_box, uniq_grinder,
          uniq_eustachio
D:5:      layout_basic, mainiacjoe_overflow_catwalk_spiral, kennysheep_nub,
          uniq_blork_the_orc
D:6:      layout_basic, minmay_temple_entry_ruins, kennysheep_minor_cross
D:7:      layout_gridville, minivault_27
D:8:      layout_basic, nzn_wu_jian_council_hall, palyth_stone_intersect,
          nicolae_diode_quadrants, uniq_grum, uniq_joseph

Skill      XL: |  1  2  3  4  5  6  7  8  9 |
---------------+----------------------------+-----
Fighting       | 4 5 6 7 8 |  8.7
Armour         | 4 5 6 7 8 |  8.7
Shields        | 4 5 6 7 8 |  8.6
Axes           | 3 4 5 6 7 8 |  8.2

Action                     |  1- 3 |  4- 6 |  7- 9 || total
---------------------------+-------+-------+-------++-------
  Melee: War axe           |    64 |    94 |   228 ||   386
         Headbutt          |    11 |    12 |    48 ||    71
  Evoke: Wand              |       |       |     6 ||     6
 Armour: Scale mail        |    51 |    68 |   186 ||   305
         Skin              |       |    13 |       ||    13
         Ring mail         |       |       |    88 ||    88
  Dodge: Dodged            |    37 |    39 |   132 ||   208
  Block: Buckler           |    18 |    20 |    62 ||   100
